 Dungeon Crawl Stone Soup version 0.28.0-49-g6dfe1f597d (webtiles) character file.

Game seed: 14322892536788830324

5109 Cheops the Geomancer (level 10, -2/50 HPs)
             Began as a Deep Elf Earth Elementalist on May 18, 2022.
             Was an Initiate of Vehumet.
             Slain by an orc warrior
             ... wielding a +0 hand axe
              (12 damage)
             ... on level 8 of the Dungeon.
             The game lasted 00:21:04 (11664 turns).

Cheops the Geomancer (Deep Elf Earth Elementalist) Turns: 11664, Time: 00:21:04

Health: -2/50      AC:  2    Str:  5    XL:     10   Next: 32%
Magic:  12/22      EV: 17    Int: 31    God:    Vehumet [......]
Gold:   369        SH:  0    Dex: 21    Spells: 9/23 levels left

rFire   . . .      SeeInvis .   a - staff of earth
rCold   . . .      Faith    .   (no shield)
rNeg    . . .      Spirit   .   h - +0 robe
rPois   .          Reflect  .   (no helmet)
rElec   .          Harm     .   (no cloak)
rCorr   .          Rampage  .   (no gloves)
Will    +....                   (no boots)
Stlth   ++........              f - amulet of the acrobat
HPRegen 0.16/turn               e - +6 ring of intelligence
MPRegen 0.18/turn               l - +6 ring of dexterity

@: studying Conjurations
A: no striking features
a: Renounce Religion


You were on level 8 of the Dungeon.
You worshipped Vehumet.
Vehumet was noncommittal.
You visited 2 branches of the dungeon, and saw 10 of its levels.

You collected 477 gold pieces.
You spent 108 gold pieces at shops.

Inventory:

Hand Weapons
 b - a +2 dagger of venom
 A - a +0 dagger of holy wrath
Missiles
 c - 160 stones
Armour
 h - a +0 robe (worn)
Magical Staves
 a - a staff of earth (weapon)
Jewellery
 e - a +6 ring of intelligence (left hand)
 f - an amulet of the acrobat (around neck)
 l - a +6 ring of dexterity (right hand)
 v - a ring of fire
 x - a ring of willpower
Wands
 q - a wand of polymorph (18)
 t - a wand of paralysis (28)
 u - a wand of mindburst (27)
 D - a wand of acid (2)
Scrolls
 i - a scroll of fear
 m - a scroll of torment
 o - 2 scrolls of teleportation
 p - 2 scrolls of fog
 r - a scroll of enchant armour {unknown}
 y - a scroll of silence
 B - 2 scrolls of amnesia {unknown}
 C - 5 scrolls of vulnerability
 E - a scroll of summoning
 F - a scroll of immolation
Potions
 d - 2 potions of curing
 g - 3 potions of flight {unknown}
 j - 3 potions of lignification {unknown}
 k - 2 potions of heal wounds {unknown}
 n - 2 potions of haste {unknown}
 s - 2 potions of degeneration {unknown}
 w - 2 potions of attraction {unknown}
 z - a potion of brilliance {unknown}
 G - 2 potions of mutation {unknown}


   Skills:
 - Level 3.0 Short Blades
 - Level 5.0 Staves
 - Level 7.0 Dodging
 - Level 2.4 Stealth
 - Level 7.0 Spellcasting
 - Level 7.1 Conjurations
 - Level 4.1 Summonings
 - Level 6.6 Transmutations
 - Level 8.0 Earth Magic
 + Level 2.0 Evocations


You had 9 spell levels left.
You knew the following spells:

 Your Spells              Type           Power      Damage    Failure   Level
a - Sandblast             Erth           100%       2d20      1%          1
b - Stone Arrow           Conj/Erth      100%       3d13      1%          3
p - Petrify               Tmut/Erth      71%        N/A       2%          4
A - Animate Armour        Summ/Erth      100%       N/A       3%          4
P - Passwall              Tmut/Erth      59%        N/A       1%          2

Your spell library contained the following spells:

 Spells                   Type           Power      Damage    Failure   Level
 Shock                    Conj/Air       100%       1d9       1%          1
 Summon Small Mammal      Summ           100%       N/A       1%          1
 Animate Skeleton         Necr           20%        N/A       4%          1
 Apportation              Tloc           20%        N/A       4%          1
 Gell's Gravitas          Tloc           10%        N/A       13%         3
 Lesser Beckoning         Tloc           10%        N/A       13%         3
 Swiftness                Air            10%        N/A       13%         3
 Teleport Other           Tloc           10%        N/A       13%         3
 Airstrike                Air            5%         N/A       41%         4
 Dispersal                Tloc           5%         N/A       100%        6
 Disjunction              Tloc           5%         N/A       100%        8
 Lehudib's Crystal Spear  Conj/Erth      36%        10d9      100%        8


Dungeon Overview and Level Annotations

Branches:
Dungeon (9/15)             Temple (1/1) D:4
   Lair: D:8-11         Orc: D:9-12

Altars:
Ashenzari
Cheibriados
Dithmenos
Elyvilon
Fedhas
Gozag
Hepliaklqana
Kikubaaqudgha
Makhleb
Okawaru
Ru
Sif Muna
Trog
Uskayaw
Vehumet
Wu Jian
Xom
Yredelemnul
Zin
The Shining One

Shops:
D:2 ?

Annotations:
D:7 4 runed translucent doors
D:8 Harold


Message History

There is a stone staircase leading down here.
You start resting.
HP restored.
You start resting.
Magic restored.
You climb downwards.
The orc closely misses you. The orc warrior completely misses you.
The orc misses you.
The orc warrior hits you with a +0 hand axe!
There is a stone staircase leading up here.
The orc hits you with a +0 dagger. The orc warrior barely misses you.
You climb upwards.
Level annotation: Harold
There is a stone staircase leading down here.
Casting: Stone Arrow (safe; 1% risk of failure)
Confirm with . or Enter, or press ? or * to list all spells.
Aiming: Stone Arrow (safe; 1% risk of failure)
Press: ? - help, Shift-Dir - straight line, f - orc
Aim: an orc, wielding a +0 dagger and wearing a +0 ring mail (81% to hit)
You feel a surge of power!
The stone arrow misses the orc.
The orc hits you but does no damage.
The orc warrior hits you with a +0 hand axe!
* * * LOW HITPOINT WARNING * * *
Casting: Stone Arrow (safe; 1% risk of failure)
Confirm with . or Enter, or press ? or * to list all spells.
Aiming: Stone Arrow (safe; 1% risk of failure)
Press: ? - help, Shift-Dir - straight line, f/p - orc
Aim: an orc, wielding a +0 dagger and wearing a +0 ring mail (81% to hit)
You feel a surge of power!
The stone arrow hits the orc!
You kill the orc!
Vehumet accepts your kill.
The orc warrior hits you with a +0 hand axe!
* * * LOW HITPOINT WARNING * * *
Casting: Stone Arrow (safe; 1% risk of failure)
Confirm with . or Enter, or press ? or * to list all spells.
Aiming: Petrify (dangerous; 2% risk of failure)
Press: ? - help, Shift-Dir - straight line, f - orc warrior
Aim: an orc warrior, wielding a +0 hand axe and wearing a +0 chain mail (chance to affect: 79%)
You feel a surge of power!
The orc warrior is moving more slowly.
The orc warrior hits you with a +0 hand axe!
You die...

....####..#...#..## #.#
......##.###.###.# #.#
..###.##..#...#..# #.#
..###.##...._....## #.#
...##.##..#...#...# #.#
......##.###.###..# ##.##
...#..##..#...#...# ###...##
..>...##........o.######..#.#.##
###...####......@).#......#.##.##
#.......'.........'.............
#....####.........#.##.....###.#
#...## ##.......##.##...#####.#
#...# ##.....###.##...# ##.##
##.## ##...## #.##.#.###.## #.#
##'## #.........## #.# #.#
####.###### #.# #.# #.#


You could see an orc warrior (petrifying).

Vanquished Creatures
  Pikel (D:7)
  A troll (D:7)
  Grinder (D:3)
  2 slime creatures (D:8)
  Prince Ribbit (D:7)
  Sigmund (D:4)
  Duvessa (D:6)
  2 water moccasins
  An orc warrior (D:6)
  2 black bears
  An ice beast (D:7)
  2 sky beasts (D:6)
  A centaur (D:7)
  5 ogres
  2 lemures (D:7)
  2 phantoms
  A kobold brigand (D:5)
  4 wyvern zombies
  6 bullfrogs
  A scorpion (D:7)
  Dowan (D:6)
  4 killer bees (D:5)
  2 electric eels (D:8)
  2 howler monkeys
  A centaur zombie (D:9)
  4 jellies
  A gnoll shaman (D:6)
  5 hounds
  2 orc priests (D:6)
  A bullfrog skeleton (D:6)
  Ijyb (D:3)
  An iguana (D:4)
  3 orc wizards (D:6)
  A killer bee zombie (D:6)
  2 hound skeletons (D:5)
  7 gnolls
  11 adders
  A shadow imp (D:7)
  2 white imps (D:5)
  An ufetubus (D:5)
  A worm (D:2)
  A dart slug (D:3)
  22 orcs
  12 endoplasms
  3 giant cockroaches
  7 goblins
  9 hobgoblins
  2 jackals (D:1)
  16 kobolds
  2 ball pythons
  7 bats
  3 frilled lizards
  7 rats
183 creatures vanquished.

Vanquished Creatures (others)
  10 fungi
  5 plants (D:9)
  8 toadstools (D:3)
23 creatures vanquished.

Grand Total: 206 creatures vanquished

Notes
Turn   | Place    | Note
-------+----------+-------------------------------------------
     0 | D:1      | Cheops the Deep Elf Earth Elementalist began the quest for
                  | the Orb.
     0 | D:1      | Reached XP level 1. HP: 10/10 MP: 6/6
   222 | D:1      | Reached XP level 2. HP: 15/15 MP: 7/9
   292 | D:1      | Found a faded altar of an unknown god.
   863 | D:2      | Found Xeesefir's Magic Scroll Boutique.
   904 | D:2      | Bought a scroll of identify for 24 gold pieces
   904 | D:2      | Bought a scroll of identify for 24 gold pieces
   929 | D:2      | Reached skill level 5 in Spellcasting
   929 | D:2      | Reached XP level 3. HP: 19/19 MP: 8/11
   933 | D:2      | Learned a level 3 spell: Stone Arrow
   958 | D:2      | Noticed an ogre
   974 | D:2      | Killed an ogre
   975 | D:2      | Reached XP level 4. HP: 24/24 MP: 9/13
  1008 | D:2      | Found an opulent altar of Gozag.
  1243 | D:2      | Reached skill level 4 in Earth Magic
  1438 | D:2      | Reached XP level 5. HP: 28/28 MP: 10/14
  1552 | D:2      | Bought a scroll of teleportation for 36 gold pieces
  1552 | D:2      | Bought a scroll of fog for 24 gold pieces
  1675 | D:3      | Noticed Ijyb
  1681 | D:3      | Killed Ijyb
  1765 | D:3      | Found a blossoming altar of Fedhas.
  1928 | D:3      | Reached skill level 5 in Earth Magic
  2299 | D:3      | Noticed Grinder
  2313 | D:3      | Killed Grinder
  2314 | D:3      | Reached skill level 6 in Earth Magic
  2314 | D:3      | Reached XP level 6. HP: 19/32 MP: 8/15
  2699 | D:3      | Reached skill level 7 in Earth Magic
  3204 | D:3      | Learned a level 2 spell: Passwall
  3209 | D:3      | Learned a level 4 spell: Petrify
  3247 | D:4      | Reached XP level 7. HP: 36/36 MP: 12/16
  3331 | D:4      | Noticed Sigmund
  3334 | D:4      | Killed Sigmund
  3335 | D:4      | Reached skill level 5 in Conjurations
  3397 | D:4      | Reached skill level 1 in Short Blades
  3430 | D:4      | Found a staircase to the Ecumenical Temple.
  3452 | Temple   | Entered the Ecumenical Temple
  3920 | D:4      | Found a shimmering blue altar of Sif Muna.
  3922 | D:4      | Found an ornate altar of the Wu Jian Council.
  4584 | D:5      | Entered Level 5 of the Dungeon
  4584 | D:5      | Found a hide-covered altar of Uskayaw.
  4671 | D:5      | Reached XP level 8. HP: 38/41 MP: 1/17
  5271 | D:5      | Found an iron altar of Okawaru.
  5465 | D:5      | Reached skill level 5 in Dodging
  5791 | D:5      | Found a white marble altar of Elyvilon.
  6545 | D:6      | Reached XP level 9. HP: 45/45 MP: 11/18
  6550 | D:6      | Learned a level 4 spell: Animate Armour
  6837 | D:6      | Noticed Dowan
  6839 | D:6      | Killed Dowan
  6839 | D:6      | Noticed Duvessa
  6842 | D:6      | Killed Duvessa
  7496 | D:6      | Reached skill level 8 in Earth Magic
  7627 | D:6      | Reached skill level 1 in Summonings
  8666 | D:7      | Noticed Pikel
  8668 | D:7      | Killed Pikel
  8806 | D:7      | Noticed Prince Ribbit
  8810 | D:7      | Killed Prince Ribbit
  8894 | D:7      | Identified a scroll of acquirement
  8895 | D:7      | Acquired a staff of earth
  9085 | D:7      | Found a huge runed translucent gate.
  9085 | D:7      | Noticed a polar bear
  9086 | D:7      | Found a huge runed translucent gate.
  9086 | D:7      | Noticed a polar bear
  9087 | D:7      | Found a huge runed translucent gate.
  9088 | D:7      | Found a huge runed translucent gate.
  9088 | D:7      | Noticed a manticore
  9088 | D:7      | Noticed a polar bear
  9088 | D:7      | Noticed a polar bear
  9089 | D:7      | Noticed a polar bear
  9171 | D:7      | Noticed a troll
  9177 | D:7      | Killed a troll
  9178 | D:7      | Reached XP level 10. HP: 50/50 MP: 9/22
 10045 | D:8      | Found a radiant altar of Vehumet.
 10451 | D:8      | Became a worshipper of Vehumet
 11065 | D:8      | Noticed Harold
 11304 | D:9      | Reached skill level 5 in Staves
 11561 | D:9      | Reached skill level 1 in Evocations
 11664 | D:8      | Slain by an orc warrior

Illustrated notes

Levels and vault maps discovered:
D:1:      dpeg_arrival_solitude, layout_rooms,
          hellmonk_ecumenical_altar_inner_sanctum, dk_noncrumbling_4
D:2:      layout_rooms, serial_shops, nicolae_shop_crystal, basic_altar
D:3:      cheibrodos_fertilizer, layout_basic,
          mainiacjoe_overflow_surrounded_room, amcnicky_mini_corridor_feature,
          uniq_grinder, uniq_ijyb
D:4:      layout_basic, chequers_temple_overflow_statue_of_worship,
          minmay_temple_entry_statues_fountains, uniq_sigmund
D:5:      layout_basic, nicolae_uskayaw_dance_hall, hangedman_feature_mirror
D:6:      layout_basic, st_stairs_9, grunt_decor_mini_mirrors, uniq_duvessa
D:7:      lemuel_bear_cage, layout_gridville, nicolae_sextant, uniq_pikel,
          uniq_prince_ribbit1
D:8:      hellmonk_warped_wall, layout_loops_corners, vehumet_crystals,
          uniq_harold
D:9:      layout_basic, due_lair_maze_entry_diamond, serial_glass,
          glass_columns_b, glass_columns_a
Temple:   regret_index_temple_generic_petals

Skill      XL: |  1  2  3  4  5  6  7  8  9 10 |
---------------+-------------------------------+-----
Spellcasting   | 4 5 7 |  7.0
Conjurations   | 3 5 7 |  7.1
Earth Magic    | 4 6 7 8 |  8.0
Short Blades   | 3 |  3.0
Dodging        | 4 7 |  7.0
Transmutations | 2 4 6 |  6.6
Summonings     | 4 |  4.1
Staves         | 2 5 |  5.0
Evocations     | 2 |  2.0
Stealth        | |  2.4

Action                   |  1- 3 |  4- 6 |  7- 9 | 10-12 || total
-------------------------+-------+-------+-------+-------++-------
Melee: Unarmed           |     7 |       |       |       ||     7
       Dagger            |    22 |    13 |     8 |       ||    43
       Staff             |       |       |       |     4 ||     4
 Cast: Sandblast         |    30 |    37 |    40 |     2 ||   109
       Stone Arrow       |       |    25 |   115 |    46 ||   186
       Petrify           |       |       |     2 |     1 ||     3
  Use: Scroll            |       |     2 |     2 |     7 ||    11
       Potion            |       |       |       |     1 ||     1
 Stab: Sleeping          |       |     1 |       |     1 ||     2
       Petrified         |       |       |     3 |       ||     3
Armor: Robe              |    10 |       |     1 |     4 ||    15
Dodge: Dodged            |    33 |    17 |    19 |    24 ||    93
